 Dungeon Crawl Stone Soup version 0.30-a0-953-g5f1da4a474 (webtiles) character file.

Game seed: 4763580350675932232

3799 Jackthecabe the Covert (level 10, -1/53 HPs)
             Began as a Vine Stalker Brigand on Mar 28, 2023.
             Was a Believer of Wu Jian.
             Slain by a hellwing (4 damage)
             ... on level 8 of the Dungeon.
             The game lasted 00:16:29 (5513 turns).

Jackthecabe the Covert (Vine Stalker Brigand)       Turns: 5513, Time: 00:16:30

Health: -1/53      AC:  8    Str: 14    XL:     10   Next: 17%
Magic:  0/11       EV: 11    Int: 11    God:    Wu Jian [**....]
Gold:   301        SH:  0    Dex: 26    Spells: 9/9 levels left

rFire   . . .      SeeInvis .    b - +2 short sword (venom)
rCold   . . .      Faith    .    (no shield)
rNeg    . . .      Spirit   +    j - +0 leather armour
rPois   .          Reflect  .    (no helmet)
rElec   +          Rampage  .    c - +0 cloak
rCorr   .                        (no gloves)
Will    +....                    (no boots)
Stlth   ++++++                   o - amulet of regeneration
HPRegen 1.88/turn                T - +4 ring of protection
MPRegen 0.12/turn                t - ring "Etabiosk" {rElec Dex+6}

@: no status effects
A: fangs 3, regeneration 1, magic shield, antimagic bite, no potion heal 2
a: Renounce Religion, Wall Jump


You were on level 8 of the Dungeon.
You worshipped Wu Jian.
Wu Jian was pleased with you.
You visited 2 branches of the dungeon, and saw 9 of its levels.

You collected 390 gold pieces.
You spent 89 gold pieces at shops.


Innate Abilities, Weirdness & Mutations

You have razor-sharp teeth.
Your natural rate of healing is unusually fast.
When hurt, damage is shared between your health and your magic reserves.
Your bite disrupts and absorbs the magic of your enemies.
Potions cannot restore your health.


   Skills:
 - Level 6.0 Fighting
 - Level 6.0 Short Blades
 - Level 1.7 Throwing
 + Level 3.5 Armour
 - Level 0.7 Dodging
 + Level 13.7 Stealth
 - Level 2.0 Evocations


You had 9 spell levels left.
You didn't know any spells.
Your spell library contained the following spells:

 Spells                   Type           Power      Damage    Failure   Level
 Beastly Appendage        Tmut           0%         N/A       41%         1
 Necrotise                Necr           0%         1d4       41%         1
 Wereblood                Tmut           0%         N/A       54%         2
 Dazzling Flash           Conj/Hex       0%         N/A       78%         3
 Spider Form              Tmut/Pois      0%         N/A       78%         3
 Tukima's Dance           Hex            0%         N/A       78%         3
 Vampiric Draining        Necr           0%         2d6       78%         3
 Iskenderun's Mystic Bla  Conj/Tloc      0%         2d3       99%         4
 Passage of Golubria      Tloc           0%         N/A       99%         4
 Agony                    Necr           0%         N/A       100%        5
 Yara's Violent Unravell  Hex/Tmut       0%         3d3       100%        5
 Starburst                Conj/Fire      0%         6d3       100%        6

Inventory:

Hand Weapons
 a - a +2 dagger
 b - a +2 short sword of venom (weapon)
Missiles
 d - 20 poisoned darts (quivered)
 r - 6 curare-tipped darts {=f}
 y - a throwing net {=f}
 D - 4 atropa-tipped darts
Armour
 c - a +0 cloak (worn)
 j - a +0 leather armour (worn)
 k - a +0 robe
Magical Staves
 m - a staff of earth {!a}
Jewellery
 e - a +5 ring of evasion
 o - an amulet of regeneration (around neck)
 t - the ring "Etabiosk" (right hand) {rElec Dex+6}
   (You found it on level 5 of the Dungeon)

   [ring of dexterity]

   Dex:       It affects your dexterity (+6).
   rElec:     It insulates you from electricity.
 x - the ring of Nizimear {rCorr Str+6}
   (You found it on level 5 of the Dungeon)

   [ring of strength]

   Str:       It affects your strength (+6).
   rCorr:     It protects you from acid and corrosion.
 E - a +5 ring of evasion
 T - a +4 ring of protection (left hand)
 W - a ring of willpower
Wands
 q - a wand of polymorph (22)
 v - a wand of iceblast (6)
 F - a wand of mindburst (16)
 I - a wand of paralysis (6)
Scrolls
 f - a scroll of magic mapping {unknown}
 h - 3 scrolls of teleportation {unknown}
 i - 2 scrolls of noise {unknown}
 l - 3 scrolls of amnesia
 p - 2 scrolls of blinking
 w - a scroll of brand weapon {unknown}
 C - 2 scrolls of fog
 H - a scroll of poison
Potions
 g - 2 potions of mutation
 n - 5 potions of attraction
 s - a potion of flight {unknown}
 u - a potion of brilliance {unknown}
 z - 2 potions of heal wounds {unknown}
 A - a potion of invisibility {unknown}
 B - a potion of might {unknown}
 G - 2 potions of curing {@q1}

Dungeon Overview and Level Annotations

Branches:
Dungeon (8/15)             Temple (1/1) D:4
   Lair: D:8-11

Altars:
Ashenzari
Dithmenos
Elyvilon
Fedhas
Gozag
Kikubaaqudgha
Nemelex Xobeh
Okawaru
Qazlal
Ru
Sif Muna
Trog
Uskayaw
Vehumet
Wu Jian
Yredelemnul
The Shining One

Shops:
D:6 *

Annotations:
D:4 Edmund

#...#####.....##≈.▒.≈≈≈≈ .
........##.....#.≈.▒.≈...
.....#....##.....#.≈.▒.≈.▒▒
.....#....##).4..#.≈.▒.≈.▒.
>.........)[).......≈.▒.≈..
.....#....##.....#..≈.▒.≈⚑.
## ...
#....##.....#..≈.▒.≈≈≈ .# #
#..))#########.≈.▒.... .#
#....@..# ..≈.▒▒▒▒▒ .#
........))4..# ..≈......
.###.#. ...........#
...≈≈≈≈≈≈≈ .......
...........# ..........
#.##.# ............# ..
#....#.............. .
g##.....#............
gg........g...........
..##....


You could see a hellwing and a gnoll (wandering).


Message History

Press: ? - help, Shift-Dir - straight line, f - hellwing
Aim: a hellwing (moderately wounded, will become a red devil, an efreet, or a ynoxinul, chance to affect: 21%)
Okay, then.
You barely miss the hellwing.
You bite the hellwing, but do no damage.
The hellwing is moderately wounded.
The hellwing misses you. The hellwing hits you.
* * * LOW HITPOINT WARNING * * *
Unknown command.
You hit the hellwing but do no damage.
The hellwing is moderately wounded.
The hellwing closely misses you. The hellwing hits you.
* * * LOW HITPOINT WARNING * * *
Unknown command.
You hit the hellwing but do no damage.
You bite the hellwing, but do no damage.
The hellwing is moderately wounded.
Unknown command.
You hit the hellwing.
You bite the hellwing, but do no damage.
The hellwing is moderately wounded.
The hellwing hits you!
* * * LOW HITPOINT WARNING * * *
The hellwing hits you!
* * * LOW HITPOINT WARNING * * *
The hellwing swoops through the air toward you!
The hellwing hits you.
* * * LOW HITPOINT WARNING * * *
The hellwing hits you.
You die...

Skill      XL: |  1  2  3  4  5  6  7  8  9 |
---------------+----------------------------+-----
Stealth        | 5 6 7 8 9 11 13 | 13.7
Short Blades   | 2 3 4 5 6 |  6.0
Fighting       | 2 5 6 |  6.0
Evocations     | 2 |  2.0
Armour         | 3 |  3.5
Throwing       | |  1.7
Dodging        | |  0.7

Action                     |  1- 3 |  4- 6 |  7- 9 | 10-12 || total
---------------------------+-------+-------+-------+-------++-------
  Melee: Dagger            |    42 |       |       |       ||    42
         Bite              |    13 |    29 |   106 |    21 ||   169
         Short sword       |    16 |    95 |   253 |    45 ||   409
         Punch             |       |     1 |     8 |     1 ||    10
  Throw: Dart              |     1 |       |       |       ||     1
Ability: Lunge             |       |     9 |    19 |     3 ||    31
         Whirlwind         |       |       |     2 |     1 ||     3
    Use: Scroll            |       |       |     6 |       ||     6
   Stab: Sleeping          |    10 |    10 |    22 |       ||    42
         Distracted        |       |       |     1 |       ||     1
 Armour: Robe              |     6 |       |       |       ||     6
         Leather armour    |     1 |    14 |    42 |     9 ||    66
  Dodge: Dodged            |    20 |    57 |   134 |    24 ||   235

Levels and vault maps discovered:
D:1:      amcnicky_arrival_feature_with_door, layout_loops_cross
D:2:      layout_loops_cross, chequers_serial_rivers_marsh,
          hangedman_abyss_or_decor_stabs
D:3:      layout_loops_corners, general_overflow_altar,
          chequers_serial_rivers_micro_b
D:4:      cheibrodos_helix_gallery, layout_basic,
          grunt_temple_overflow_growth_and_decay,
          minmay_temple_entry_butterflies, uniq_edmund
D:5:      layout_rooms, minmay_misc_feat_tiny, minmay_misc_feat_doors,
          corexii_item_surrounded_by_moat, minmay_circle_x
D:6:      layout_loops_ring, chequers_temple_overflow_statue_of_worship,
          guppyfry_shop_venom
D:7:      layout_loops_ring
D:8:      cheibrodos_grave_circle, layout_basic,
          grunt_temple_overflow_order_and_chaos_2,
          regret_index_temple_of_mockery, nicolae_overflow_squiral
Temple:   nicolae_temple_two_arcs

Notes
Turn   | Place    | Note
-------+----------+-------------------------------------------
     0 | D:1      | Jackthecabe the Vine Stalker Brigand began the quest for
                  | the Orb.
     0 | D:1      | Reached XP level 1. HP: 11/11 MP: 2/2
    63 | D:1      | Reached skill level 5 in Stealth
    81 | D:1      | Reached skill level 2 in Short Blades
   131 | D:1      | Reached XP level 2. HP: 15/15 MP: 3/3
   696 | D:2      | Reached XP level 3. HP: 9/18 MP: 4/4
  1041 | D:2      | Gained mutation: Your natural rate of healing is unusually
                  | fast. [Vine Stalker growth]
  1041 | D:2      | Reached XP level 4. HP: 8/23 MP: 3/5
  1190 | D:2      | Reached skill level 6 in Stealth
  1369 | D:3      | Reached skill level 3 in Short Blades
  1786 | D:3      | Found a sparkling altar of Nemelex Xobeh.
  1811 | D:3      | Reached XP level 5. HP: 24/26 MP: 4/6
  2292 | D:4      | Found a staircase to the Ecumenical Temple.
  2298 | Temple   | Entered the Ecumenical Temple
  2442 | Temple   | Became a worshipper of the Wu Jian Council
  2515 | D:4      | Noticed an ogre
  2523 | D:4      | HP: 2/26 [ogre/+0 giant club (24)]
  2739 | D:4      | Noticed Edmund
  2855 | D:4      | Found an ancient bone altar of Kikubaaqudgha.
  2856 | D:4      | Found a blossoming altar of Fedhas.
  2862 | D:4      | Reached skill level 4 in Short Blades
  2862 | D:4      | Reached skill level 7 in Stealth
  2862 | D:4      | Reached XP level 6. HP: 29/30 MP: 7/7
  3037 | D:5      | Entered Level 5 of the Dungeon
  3066 | D:5      | Noticed a black bear
  3067 | D:5      | Noticed a water moccasin
  3069 | D:5      | Noticed a black bear
  3079 | D:5      | Killed a black bear
  3088 | D:5      | Killed a water moccasin
  3089 | D:5      | Reached skill level 5 in Short Blades
  3089 | D:5      | Reached skill level 8 in Stealth
  3089 | D:5      | Reached XP level 7. HP: 34/34 MP: 8/8
  3243 | D:5      | Identified the ring "Etabiosk" {rElec Dex+6}
  3273 | D:5      | Reached skill level 6 in Short Blades
  3364 | D:5      | Reached skill level 2 in Fighting
  3420 | D:5      | Reached * piety under Wu Jian
  3421 | D:5      | Reached skill level 9 in Stealth
  3421 | D:5      | Gained mutation: You have razor-sharp teeth. [Vine Stalker
                  | growth]
  3421 | D:5      | Reached XP level 8. HP: 39/39 MP: 9/9
  3470 | D:5      | Identified the ring of Nizimear {rCorr Str+6}
  3648 | D:5      | Reached skill level 3 in Fighting
  3875 | D:6      | Reached skill level 10 in Stealth
  3890 | D:6      | Found a shimmering blue altar of Sif Muna.
  3890 | D:6      | Found an opulent altar of Gozag.
  3895 | D:6      | Reached skill level 4 in Fighting
  4259 | D:6      | Found Gumaire's Serpentskin Sales.
  4278 | D:6      | Reached skill level 5 in Fighting
  4278 | D:6      | Reached skill level 11 in Stealth
  4278 | D:6      | Reached XP level 9. HP: 42/47 MP: 10/10
  4291 | D:6      | Bought a scroll of poison for 56 gold pieces
  4291 | D:6      | Bought 2 curare-tipped darts for 33 gold pieces
  4671 | D:7      | Noticed a hornet
  4679 | D:7      | Killed a hornet
  4680 | D:7      | Reached skill level 6 in Fighting
  4680 | D:7      | Reached skill level 12 in Stealth
  4708 | D:7      | Reached ** piety under Wu Jian
  4709 | D:7      | Reached skill level 1 in Evocations
  5180 | D:8      | Reached skill level 2 in Evocations
  5217 | D:8      | Noticed a hellwing
  5279 | D:8      | Found a hide-covered altar of Uskayaw.
  5290 | D:8      | Reached skill level 1 in Armour
  5311 | D:8      | Reached skill level 2 in Armour
  5311 | D:8      | Reached skill level 13 in Stealth
  5331 | D:8      | Found a bloodstained altar of Trog.
  5417 | D:8      | Reached skill level 3 in Armour
  5417 | D:8      | Reached XP level 10. HP: 43/53 MP: 11/11
  5513 | D:8      | HP: 3/53 [hellwing (5)]
  5513 | D:8      | Slain by a hellwing

Vanquished Creatures
  A centaur zombie (D:8)
  A centaur skeleton (D:8)
  A hornet (D:7)
  A steam dragon (D:8)
  An acid dragon (D:7)
  8 water moccasins
  2 ice beasts (D:6)
  An ogre (D:5)
  2 black bears
  2 phantoms
  2 kobold brigands (D:8)
  2 bullfrogs (D:7)
  4 scorpions
  3 hounds
  5 jellies
  A gnoll bouda (D:5)
  5 iguanas
  4 orc wizards
  7 gnolls
  12 adders
  2 shadow imps
  2 white imps
  An ufetubus (D:4)
  3 worms
  2 dart slugs
  25 orcs
  5 ball pythons
  6 bats
  8 endoplasms
  3 giant cockroaches (D:3)
  5 goblins
  6 hobgoblins
  13 kobolds
  5 quokkas
  3 frilled lizards
  3 rats
157 creatures vanquished.

Vanquished Creatures (others)
  2 kobolds (D:8)
  7 withered plants (D:8)
9 creatures vanquished.

Grand Total: 166 creatures vanquished

Table legend: (Time is in decaauts)
 A = Elapsed time spent in this place.
 B = Non-inter-level travel time spent in this place.
 C = Inter-level travel time spent in this place.
 D = Time resting spent in this place.
 E = Time spent auto-exploring this place.
 F = Levels seen in this place.
 G = Mean time per level.
                   A        B        C        D        E       F      G
               +--------+--------+--------+--------+--------+-----+--------+
         Total |   5410 |   5149 |    261 |    101 |   3839 |   9 |  601.1 |
       Dungeon |   5257 |   4996 |    261 |    101 |   3735 |   8 |  657.1 |
        Temple |    152 |    152 |      0 |      0 |    104 |   1 |  152.0 |
               +--------+--------+--------+--------+--------+-----+--------+

Top non-repeatable levels by time:
     D:3: 973 daAuts
     D:7: 889 daAuts
     D:2: 700 daAuts
     D:1: 656 daAuts
     D:5: 655 daAuts
     D:6: 596 daAuts
     D:4: 534 daAuts
     D:8: 250 daAuts
  Temple: 152 daAuts

Table legend:
 A = Non-vault XP
 B = Vault XP
 C = Vault XP percentage of total XP
 D = Non-vault monster count
 E = Vault monster count
 F = Vault count percentage of total count
                 A         B        C        D         E       F
            +---------+---------+-------+---------+---------+-------
      Total |    3853 |    1575 |  29.0 |     141 |      16 |  10.2
            +---------+---------+-------+---------+---------+-------
        D:1 |      29 |       0 |   0.0 |      15 |       0 |   0.0
        D:2 |      57 |       0 |   0.0 |      16 |       0 |   0.0
        D:3 |      88 |       0 |   0.0 |      20 |       0 |   0.0
        D:4 |     177 |      10 |   5.3 |      13 |       2 |  13.3
        D:5 |     708 |     387 |  35.3 |      19 |       4 |  17.4
        D:6 |     678 |     328 |  32.6 |      12 |       7 |  36.8
        D:7 |    1327 |       0 |   0.0 |      24 |       0 |   0.0
        D:8 |     789 |     850 |  51.9 |      22 |       3 |  12.0
            +---------+---------+-------+---------+---------+-------
